[Event "7th Edmonton International"]
[Site "Edmonton - Canada"]
[Date "2012.06.30"]
[Round "7"]
[White "Wang, Richard"]
[Black "Short, Nigel"]
[Result "0-1"]
[ECO "A43"]
[WhiteElo "2307"]
[BlackElo "2705"]
[PlyCount "90"]
[EventDate "2012.??.??"]
[TimeControl "5400"]

1. d4 Nf6 2. Nf3 c5 3. d5 b5 4. Bg5 Qa5+ 5. Bd2 Qb6 6. c4 g6 7. cxb5 a6 8. bxa6
Bg7 9. Nc3 Bxa6 10. e4 Bxf1 11. Kxf1 O-O 12. Rb1 e6 13. g3 exd5 14. exd5 Na6
15. Kg2 Nb4 16. Qb3 Qa6 17. a3 Nd3 18. h3 c4 19. Qc2 Rfe8 20. Be3 Rxe3 21. fxe3
Re8 22. Rbd1 Rxe3 23. Rd2 Qa8 24. Re2 Rxf3 25. Kxf3 Nxd5 26. Qa4 Qb7 27. Qb5
Nb6+ 28. Nd5 Qxd5+ 29. Qxd5 Nxd5 30. Re8+ Bf8 31. a4 f5 32. Rb8 Kf7 33. a5 Ne5+
34. Ke2 Nc6 35. a6 Nc7 36. Rb7 Nxa6 37. Rxd7+ Be7 38. Rc1 Ne5 39. Rd5 Ke6 40.
Rb5 Nc5 41. Ra1 Bd6 42. Ra7 h5 43. Kf1 Ne4 44. Kg2 Nxg3 45. Ra6 Ne4 0-1

[Event "7th Edmonton International"]
[Site "Edmonton - Canada"]
[Date "2012.07.01"]
[Round "8"]
[White "Short, Nigel"]
[Black "Kovalyov, Anton"]
[Result "1/2-1/2"]
[ECO "A46"]
[WhiteElo "2705"]
[BlackElo "2619"]
[PlyCount "92"]
[EventDate "2012.??.??"]
[TimeControl "5400"]

1. d4 Nf6 2. Nf3 e6 3. Bg5 c5 4. e3 Be7 5. dxc5 Qa5+ 6. Nc3 Qxc5 7. Qd4 Qxd4 8.
exd4 Bb4 9. Bd3 Nd5 10. Bd2 Nxc3 11. bxc3 Ba5 12. c4 Bxd2+ 13. Kxd2 d6 14. a4
h6 15. a5 Kd8 16. Rhe1 Nd7 17. Kc3 Kc7 18. Nd2 Nf6 19. Ne4 Nxe4+ 20. Bxe4 Rb8
21. f4 Bd7 22. h4 Rhe8 23. Bf3 Bc6 24. d5 exd5 25. cxd5 Rxe1 26. Rxe1 Re8 27.
Ra1 Bd7 28. Kd4 h5 29. c4 Bg4 30. Be4 g6 31. g3 Bf5 32. Bf3 Kd7 33. Ra3 Bg4 34.
Bxg4+ hxg4 35. Rb3 Kc7 36. c5 f5 37. cxd6+ Kxd6 38. Rxb7 Re4+ 39. Kd3 Ra4 40.
Rxa7 Kxd5 41. a6 Ra3+ 42. Kc2 Ke4 43. Re7+ Kf3 44. a7 Ra6 45. Kb2 Kg2 46. Rc7
Kh3 1/2-1/2

[Event "81st Ukrainian Chess Championship"]
[Site "Kiev"]
[Date "2012.08.03"]
[Round "7"]
[White "Ponomariov, Ruslan"]
[Black "Vovk, Yuri"]
[Result "1/2-1/2"]
[ECO "E76"]
[WhiteElo "2726"]
[BlackElo "2584"]
[PlyCount "154"]
[EventDate "2012.??.??"]
[EventCountry "UKR"]
[TimeControl "40/5400+30:1800+30"]

1. d4 Nf6 2. c4 g6 3. Nc3 Bg7 4. e4 d6 5. f4 O-O 6. Nf3 c5 7. d5 e6 8. dxe6
fxe6 9. Bd3 Nc6 10. O-O Nd4 11. Bd2 Bd7 12. Nxd4 cxd4 13. Nb5 Bc6 14. Qe2 Ne8
15. e5 Bxb5 16. cxb5 dxe5 17. fxe5 Nc7 18. Rxf8+ Qxf8 19. Rf1 Qc5 20. Qf3 Rf8
21. Qxb7 Rxf1+ 22. Kxf1 Bxe5 23. g3 Kf7 24. Ke2 Ke7 25. a3 Bd6 26. Kd1 Kd7 27.
Qf3 Be7 28. Qb7 Bd6 29. a4 Qd5 30. Qxa7 Bc5 31. b6 Qb3+ 32. Ke2 Qxb6 33. Qxb6
Bxb6 34. b4 Nd5 35. a5 Bd8 36. Be4 Kd6 37. Kd3 e5 38. b5 Kc5 39. b6 Nb4+ 40.
Ke2 Kb5 41. h4 Kxa5 42. b7 Bc7 43. g4 Kb5 44. h5 Nc6 45. h6 Nd8 46. Bd5 Kc5 47.
Bg8 Nxb7 48. Bxh7 e4 49. Bxg6 e3 50. Be1 Bf4 51. h7 Be5 52. Bh4 Kd5 53. Kf3 Ke6
54. Bb1 Nd6 55. Ba2+ Kd7 56. Bb3 Bh8 57. Be1 Ke8 58. Kf4 Nf7 59. g5 d3 60. Bb4
e2 61. Ba4+ Kd8 62. Bb5 Ne5 63. Ke4 Nf7 64. Kf4 Ne5 65. Ke4 Nf7 66. g6 Nd6+ 67.
Kxd3 Nxb5 68. Kxe2 Nd4+ 69. Kd3 Nf3 70. Ke4 Nh4 71. Kf4 Nxg6+ 72. Kf5 Nh4+ 73.
Kg4 Ke8 74. Kxh4 Kf7 75. Kh5 Kg7 76. Bc3+ Kxh7 77. Bxh8 Kxh8 1/2-1/2

[Event "81st Ukrainian Chess Championship"]
[Site "Kiev"]
[Date "2012.08.03"]
[Round "7"]
[White "Moiseenko, Alexander"]
[Black "Volokitin, Andrei"]
[Result "1-0"]
[ECO "D97"]
[WhiteElo "2706"]
[BlackElo "2704"]
[PlyCount "77"]
[EventDate "2012.??.??"]
[EventCountry "UKR"]
[TimeControl "40/5400+30:1800+30"]

1. d4 Nf6 2. c4 g6 3. Nc3 d5 4. Nf3 Bg7 5. Qb3 dxc4 6. Qxc4 O-O 7. e4 a6 8. e5
b5 9. Qb3 Nfd7 10. Ng5 Nb6 11. Be3 Nc6 12. Rd1 Bg4 13. f3 Bf5 14. Nge4 Na5 15.
Qc2 b4 16. Ne2 Nd5 17. Bf2 c5 18. g4 b3 19. axb3 Nb4 20. Qxc5 Bxe4 21. fxe4 Rb8
22. Nc1 Bh6 23. Be2 Bxc1 24. Qxc1 Rc8 25. Qh6 Rc2 26. Bf3 Nxb3 27. O-O Nc6 28.
Qe3 Qb6 29. Kh1 Nbxd4 30. Qd3 Rxf2 31. Rxf2 Rd8 32. Qa3 e6 33. Bg2 Nxe5 34. Qg3
Qc5 35. Rfd2 Nc4 36. Qc3 e5 37. b3 Qc8 38. Qxc4 Qxg4 39. Rf1 1-0

[Event "81st Ukrainian Chess Championship"]
[Site "Kiev"]
[Date "2012.08.03"]
[Round "7"]
[White "Eljanov, Pavel"]
[Black "Areshchenko, Alexander"]
[Result "0-1"]
[ECO "D70"]
[WhiteElo "2693"]
[BlackElo "2691"]
[PlyCount "70"]
[EventDate "2012.??.??"]
[EventCountry "UKR"]
[TimeControl "40/5400+30:1800+30"]

1. d4 Nf6 2. c4 g6 3. f3 d5 4. cxd5 Nxd5 5. e4 Nb6 6. Nc3 Bg7 7. Be3 O-O 8. Qd2
Nc6 9. O-O-O Qd6 10. Kb1 Rd8 11. Nb5 Qd7 12. d5 a6 13. Nc3 Ne5 14. Bd4 c5 15.
Bxc5 Nec4 16. Bxc4 Nxc4 17. Qc1 Qc7 18. Bd4 e5 19. Bf2 b5 20. b3 Nd6 21. Qe3 f5
22. Rc1 Qe7 23. Qb6 fxe4 24. Nxe4 Bf5 25. Qe3 a5 26. g4 Nxe4 27. fxe4 Bh6 28.
Qxh6 Bxe4+ 29. Kb2 Bxh1 30. Bh4 Qa7 31. Ne2 a4 32. b4 a3+ 33. Ka1 Bf3 34. Nc3
Qd4 35. Bxd8 Rxd8 0-1

[Event "Superfinal 65th RUS-ch"]
[Site "Moscow"]
[Date "2012.08.03"]
[Round "1"]
[White "Grischuk, Alexander"]
[Black "Karjakin, Sergey"]
[Result "1/2-1/2"]
[ECO "C67"]
[WhiteElo "2761"]
[BlackElo "2779"]
[PlyCount "81"]
[EventDate "2012.??.??"]
[EventCountry "RUS"]
[TimeControl "40/5400+30:1800+30"]

1. e4 e5 2. Nf3 Nc6 3. Bb5 Nf6 4. O-O Nxe4 5. d4 Nd6 6. Bxc6 dxc6 7. dxe5 Nf5
8. Qxd8+ Kxd8 9. Rd1+ Ke8 10. Nc3 Ne7 11. Nd4 Bg4 12. f3 Bd7 13. Ne4 Rd8 14.
Bg5 b6 15. Re1 Rg8 16. a4 Rc8 17. Rad1 a6 18. a5 c5 19. Ne2 Nf5 20. Nf4 Be6 21.
axb6 cxb6 22. Nd5 Bxd5 23. Rxd5 Nd4 24. c3 Ne6 25. Red1 Nxg5 26. Nxg5 Be7 27.
Ne4 Rd8 28. Kf2 Rxd5 29. Rxd5 Bd8 30. f4 Ke7 31. c4 Bc7 32. Kf3 Rb8 33. g4 Bd8
34. h4 b5 35. cxb5 Rxb5 36. Rxc5 Rxb2 37. f5 Rb3+ 38. Kf4 Bb6 39. f6+ gxf6 40.
exf6+ Kd7 41. Re5 1/2-1/2

[Event "Superfinal 65th RUS-ch"]
[Site "Moscow"]
[Date "2012.08.03"]
[Round "1"]
[White "Alekseev, Evgeny"]
[Black "Vitiugov, Nikita"]
[Result "1-0"]
[ECO "C01"]
[WhiteElo "2673"]
[BlackElo "2705"]
[PlyCount "191"]
[EventDate "2012.??.??"]
[EventCountry "RUS"]
[TimeControl "40/5400+30:1800+30"]

1. e4 e6 2. d4 d5 3. Nc3 Bb4 4. exd5 exd5 5. Bd3 Nc6 6. a3 Be7 7. Nge2 Bf6 8.
Be3 Nge7 9. O-O O-O 10. Qd2 Bf5 11. Ng3 Bxd3 12. Qxd3 g6 13. Bh6 Re8 14. Nce2
Bg7 15. Qd2 Qd7 16. Rae1 Nf5 17. Bxg7 Nxg7 18. Nf4 h5 19. Nge2 Qf5 20. Nc3 Rad8
21. Rxe8+ Nxe8 22. Re1 Nf6 23. f3 h4 24. Re3 Kg7 25. Nce2 b6 26. Qc3 Qd7 27.
Nd3 Ne7 28. Ne5 Qd6 29. g4 hxg3 30. Nxg3 Rh8 31. Qe1 Nc6 32. c3 Nd8 33. f4 Nh5
34. f5 g5 35. Qf1 Nf4 36. Qf3 f6 37. Ng4 c5 38. Ne2 Rh3 39. Nxf4 Rxf3 40. Nh5+
Kf7 41. Rxf3 cxd4 42. Nhxf6 dxc3 43. Rxc3 d4 44. Rh3 Ke7 45. Ne4 Qf4 46. f6+
Ke6 47. Ngf2 Qc1+ 48. Kg2 Qxb2 49. Rh8 Nf7 50. Re8+ Kf5 51. Re7 Kg6 52. Rxa7 d3
53. Rd7 Qxa3 54. Rxd3 Qa4 55. Rc3 Qa8 56. Kf1 b5 57. Rb3 Qa4 58. Rb1 Qc2 59.
Rb4 Ne5 60. Rd4 Nc4 61. Kg2 Ne3+ 62. Kf3 Nf5 63. Rd7 Nh4+ 64. Ke3 Nf5+ 65. Kf3
Nh4+ 66. Ke3 Qc1+ 67. Ke2 Qc4+ 68. Ke3 Nf5+ 69. Kf3 Nd4+ 70. Ke3 Nf5+ 71. Kf3
Qe6 72. Rb7 Qb3+ 73. Ke2 Qc2+ 74. Ke1 Qc1+ 75. Ke2 Qc2+ 76. Ke1 Nd4 77. Kf1
Qe2+ 78. Kg2 Ne6 79. Re7 Nf4+ 80. Kg3 Nh5+ 81. Kg2 g4 82. Ng5 Nf4+ 83. Kg3 Nh5+
84. Kg2 Nf4+ 85. Kg3 Qf1 86. Nge4 Nh5+ 87. Kh4 Qg1 88. Nxg4 Qe1+ 89. Ng3 Qc1
90. Nxh5 Qg5+ 91. Kg3 Qxh5 92. Rg7+ Kf5 93. f7 Qh8 94. Rg8 Qc3+ 95. Kh4 Qe1+
96. Kh5 1-0

[Event "Superfinal 65th RUS-ch"]
[Site "Moscow"]
[Date "2012.08.03"]
[Round "1"]
[White "Jakovenko, Dmitry"]
[Black "Svidler, Peter"]
[Result "1/2-1/2"]
[ECO "D97"]
[WhiteElo "2722"]
[BlackElo "2749"]
[PlyCount "107"]
[EventDate "2012.??.??"]
[EventCountry "RUS"]
[TimeControl "40/5400+30:1800+30"]

1. d4 Nf6 2. c4 g6 3. Nc3 d5 4. Nf3 Bg7 5. Qb3 dxc4 6. Qxc4 O-O 7. e4 a6 8. Be2
b5 9. Qb3 c5 10. dxc5 Be6 11. Qc2 Nbd7 12. Be3 Rc8 13. Rd1 b4 14. Nd5 Bxd5 15.
exd5 Nxc5 16. O-O Nce4 17. Qd3 Qd6 18. Qxa6 Rc2 19. Bd4 Nc5 20. Qxd6 exd6 21.
Bb5 Nfe4 22. Ne1 Rd2 23. Bxg7 Rxd1 24. Bxf8 Kxf8 25. Nf3 Rxd5 26. Bc6 Rd3 27.
Ra1 g5 28. h3 h5 29. Re1 Nf6 30. Nxg5 Rd2 31. Rb1 Nd3 32. Nf3 Rc2 33. Ba4 Rxb2
34. Rxb2 Nxb2 35. Bb3 Nd3 36. Nd4 Nc1 37. f3 Nxb3 38. axb3 Nd7 39. Kf2 Nc5 40.
g4 hxg4 41. fxg4 Kg7 42. Ke3 Kg6 43. h4 f6 44. Kf4 Kf7 45. Kf5 d5 46. g5 fxg5
47. hxg5 Kg7 48. g6 Kh6 49. Ne6 Ne4 50. Nf4 Kg7 51. Nh5+ Kg8 52. Nf4 Kg7 53.
Nxd5 Nc5 54. Nxb4 1/2-1/2

[Event "Superfinal 65th RUS-ch"]
[Site "Moscow"]
[Date "2012.08.03"]
[Round "1"]
[White "Andreikin, Dmitry"]
[Black "Potkin, Vladimir"]
[Result "1-0"]
[ECO "B46"]
[WhiteElo "2715"]
[BlackElo "2651"]
[PlyCount "85"]
[EventDate "2012.??.??"]
[EventCountry "RUS"]
[TimeControl "40/5400+30:1800+30"]

1. e4 c5 2. Nc3 e6 3. Nf3 Nc6 4. d4 cxd4 5. Nxd4 a6 6. Nxc6 bxc6 7. Bd3 d5 8.
O-O Nf6 9. Re1 Be7 10. e5 Nd7 11. Qg4 g6 12. Na4 Rb8 13. b3 Qc7 14. c4 h5 15.
Qf4 h4 16. cxd5 cxd5 17. Bd2 Bb7 18. Rac1 Qd8 19. h3 Rh5 20. Qd4 Kf8 21. Be2
Rh8 22. Qa7 Kg8 23. Bxa6 Bxa6 24. Qxa6 Rh5 25. Ba5 Qe8 26. Bc7 Ra8 27. Qb7 Bg5
28. Rc2 Bf4 29. Bd6 Bxe5 30. Nb6 Nxb6 31. Bxe5 Nd7 32. Ba1 Rb8 33. Qc6 Rf5 34.
Rec1 Qe7 35. a4 Nf8 36. a5 Rxb3 37. a6 Qa7 38. Qa4 Rb6 39. Qxh4 e5 40. Rc8 Rb8
41. Qh6 Rxc8 42. Rxc8 Qxf2+ 43. Kh2 1-0

[Event "81st Ukrainian Chess Championship"]
[Site "Kiev"]
[Date "2012.08.06"]
[Round "10"]
[White "Korobov, Anton"]
[Black "Eljanov, Pavel"]
[Result "1-0"]
[ECO "D15"]
[WhiteElo "2683"]
[BlackElo "2693"]
[PlyCount "99"]
[EventDate "2012.??.??"]
[EventCountry "UKR"]
[TimeControl "40/5400+30:1800+30"]

1. d4 d5 2. c4 c6 3. Nf3 Nf6 4. Nc3 a6 5. c5 Bf5 6. Bf4 Nbd7 7. e3 Nh5 8. Be5
f6 9. Bg3 e5 10. Be2 Nxg3 11. hxg3 Bg6 12. b4 Qc7 13. a4 Bf7 14. b5 Be7 15.
bxc6 bxc6 16. a5 O-O 17. Qc2 g6 18. O-O e4 19. Nd2 f5 20. Rab1 g5 21. f4 exf3
22. Rxf3 Bg6 23. Bd3 g4 24. Rf2 Qxg3 25. Nf1 Qc7 26. g3 Rf7 27. Ne2 Bg5 28. Nf4
Rf6 29. Qa2 Bxf4 30. exf4 Nf8 31. Rfb2 Qg7 32. Rb8 Ra7 33. Re1 h5 34. Qb2 Kh7
35. Qb6 Rff7 36. Qb4 Rfb7 37. Rxb7 Rxb7 38. Qc3 Ra7 39. Ne3 Qf6 40. Ng2 Kg7 41.
Kh2 Kg8 42. Qb2 h4 43. Nxh4 Rh7 44. Kg2 Bf7 45. Re5 Rxh4 46. Rxf5 Qh6 47. Rg5+
Bg6 48. gxh4 Qxh4 49. Bxg6 Nxg6 50. Qb3 1-0

[Event "81st Ukrainian Chess Championship"]
[Site "Kiev"]
[Date "2012.08.06"]
[Round "10"]
[White "Areshchenko, Alexander"]
[Black "Efimenko, Zahar"]
[Result "1/2-1/2"]
[ECO "C89"]
[WhiteElo "2691"]
[BlackElo "2689"]
[PlyCount "53"]
[EventDate "2012.??.??"]
[EventCountry "UKR"]
[TimeControl "40/5400+30:1800+30"]

1. e4 e5 2. Nf3 Nc6 3. Bb5 a6 4. Ba4 Nf6 5. O-O Be7 6. Re1 b5 7. Bb3 O-O 8. c3
d5 9. exd5 Nxd5 10. Nxe5 Nxe5 11. Rxe5 c6 12. d4 Bd6 13. Re1 Qh4 14. g3 Qh3 15.
Qe2 Bg4 16. Qf1 Qh5 17. Nd2 Rae8 18. f3 Rxe1 19. Qxe1 Bxf3 20. Nxf3 Qxf3 21.
Bd2 Qg4 22. Qd1 Qd7 23. Qf3 Re8 24. Re1 Rxe1+ 25. Bxe1 Bf8 26. a4 g6 27. Bd2
1/2-1/2

[Event "81st Ukrainian Chess Championship"]
[Site "Kiev"]
[Date "2012.08.06"]
[Round "10"]
[White "Fedorchuk, Sergey A"]
[Black "Volokitin, Andrei"]
[Result "1-0"]
[ECO "B90"]
[WhiteElo "2634"]
[BlackElo "2704"]
[PlyCount "87"]
[EventDate "2012.??.??"]
[EventCountry "UKR"]
[TimeControl "40/5400+30:1800+30"]

1. e4 c5 2. Ne2 Nf6 3. Nbc3 d6 4. d4 cxd4 5. Nxd4 a6 6. h3 g6 7. g4 Bg7 8. Bg2
O-O 9. Be3 Nc6 10. Nde2 Nd7 11. a4 Rb8 12. Qd2 Nde5 13. b3 b5 14. axb5 axb5 15.
O-O b4 16. Nd5 e6 17. Ndf4 Qc7 18. Ng3 Bb7 19. Nfe2 d5 20. exd5 exd5 21. Bh6
Bxh6 22. Qxh6 d4 23. Nf4 Nd8 24. Ra7 f6 25. Bd5+ Rf7 26. Re1 Qc3 27. Kf1 Qxc2
28. Ne4 Kh8 29. Rxb7 Rbxb7 30. Nxf6 Ne6 31. Rxe5 Qc1+ 32. Re1 Qxf4 33. Qxf4
Nxf4 34. Re8+ Kg7 35. g5 Rf8 36. Bxb7 Rxe8 37. Nxe8+ Kf7 38. Nf6 Nxh3 39. Nxh7
Kg7 40. Bg2 Nf4 41. Nf6 d3 42. Bf3 Ne6 43. Ne4 Nd4 44. Bd1 1-0

[Event "81st Ukrainian Chess Championship"]
[Site "Kiev"]
[Date "2012.08.06"]
[Round "10"]
[White "Miroshnichenko, Evgenij"]
[Black "Ponomariov, Ruslan"]
[Result "1/2-1/2"]
[ECO "D13"]
[WhiteElo "2621"]
[BlackElo "2726"]
[PlyCount "26"]
[EventDate "2012.??.??"]
[EventCountry "UKR"]
[TimeControl "40/5400+30:1800+30"]

1. Nf3 d5 2. d4 Nf6 3. c4 c6 4. cxd5 cxd5 5. Nc3 Nc6 6. Bf4 Ne4 7. e3 e6 8.
Nxe4 dxe4 9. Nd2 Bb4 10. a3 Bxd2+ 11. Qxd2 O-O 12. Bc4 b6 13. O-O Bb7 1/2-1/2

[Event "81st Ukrainian Chess Championship"]
[Site "Kiev"]
[Date "2012.08.07"]
[Round "11"]
[White "Ponomariov, Ruslan"]
[Black "Fedorchuk, Sergey A"]
[Result "1/2-1/2"]
[ECO "E16"]
[WhiteElo "2726"]
[BlackElo "2634"]
[PlyCount "83"]
[EventDate "2012.??.??"]
[EventCountry "UKR"]
[TimeControl "40/5400+30:1800+30"]

1. d4 Nf6 2. c4 e6 3. Nf3 Bb4+ 4. Nbd2 O-O 5. g3 b6 6. Bg2 Bb7 7. O-O c5 8. a3
Bxd2 9. Qxd2 d5 10. cxd5 Bxd5 11. dxc5 bxc5 12. b4 Nbd7 13. Qe3 cxb4 14. axb4
a5 15. b5 Nb6 16. Qd4 Nc4 17. Bf4 Qe7 18. b6 Qb7 19. Bc7 a4 20. Nh4 Na5 21.
Qxa4 Bxg2 22. Nxg2 Nd5 23. Nf4 Nc6 24. Qe4 Rxa1 25. Rxa1 Nxc7 26. bxc7 Qxc7 27.
Rc1 Rc8 28. Nh5 Qd6 29. Qg4 Qe5 30. Rc5 Qa1+ 31. Kg2 Ne7 32. Rxc8+ Nxc8 33. Qg5
Qd4 34. e3 h6 35. Qb5 Qd8 36. Qe5 Qg5 37. Qb8 Qd5+ 38. Kg1 Qd1+ 39. Kg2 Qd5+
40. Kg1 Qd1+ 41. Kg2 Qd5+ 42. Kg1 1/2-1/2

[Event "81st Ukrainian Chess Championship"]
[Site "Kiev"]
[Date "2012.08.07"]
[Round "11"]
[White "Moiseenko, Alexander"]
[Black "Korobov, Anton"]
[Result "1/2-1/2"]
[ECO "D27"]
[WhiteElo "2706"]
[BlackElo "2678"]
[PlyCount "45"]
[EventDate "2012.??.??"]
[EventCountry "UKR"]
[TimeControl "40/5400+30:1800+30"]

1. d4 d5 2. c4 dxc4 3. e3 Nf6 4. Bxc4 e6 5. Nf3 c5 6. O-O a6 7. Bb3 cxd4 8.
exd4 Be7 9. Nc3 O-O 10. Bg5 Nc6 11. Qd2 Na5 12. Bc2 b5 13. Rad1 Ra7 14. Qf4 Rc7
15. Bxf6 Bxf6 16. d5 exd5 17. Rxd5 Rd7 18. Rh5 h6 19. Rxh6 gxh6 20. Qxh6 Re8
21. Bh7+ Kh8 22. Bf5+ Kg8 23. Bh7+ 1/2-1/2

[Event "81st Ukrainian Chess Championship"]
[Site "Kiev"]
[Date "2012.08.07"]
[Round "11"]
[White "Volokitin, Andrei"]
[Black "Areshchenko, Alexander"]
[Result "1/2-1/2"]
[ECO "B90"]
[WhiteElo "2704"]
[BlackElo "2691"]
[PlyCount "21"]
[EventDate "2012.??.??"]
[EventCountry "UKR"]
[TimeControl "40/5400+30:1800+30"]

1. e4 c5 2. Nf3 d6 3. d4 cxd4 4. Nxd4 Nf6 5. Nc3 a6 6. Be3 e5 7. Nf3 Be7 8. Bc4
O-O 9. O-O Be6 10. Bxe6 fxe6 11. Na4 1/2-1/2

[Event "81st Ukrainian Chess Championship"]
[Site "Kiev"]
[Date "2012.08.07"]
[Round "11"]
[White "Eljanov, Pavel"]
[Black "Miroshnichenko, Evgenij"]
[Result "1/2-1/2"]
[ECO "D11"]
[WhiteElo "2693"]
[BlackElo "2621"]
[PlyCount "63"]
[EventDate "2012.??.??"]
[EventCountry "UKR"]
[TimeControl "40/5400+30:1800+30"]

1. d4 Nf6 2. c4 c6 3. Nf3 d5 4. e3 Bg4 5. h3 Bxf3 6. Qxf3 e6 7. Bd3 Bb4+ 8. Nd2
Nbd7 9. O-O O-O 10. a3 Ba5 11. Qe2 e5 12. cxd5 cxd5 13. dxe5 Nxe5 14. b4 Bc7
15. Bb2 Qd6 16. Bxe5 Qxe5 17. Nf3 Qe7 18. Rfc1 Bb6 19. Rc2 Rac8 20. Rac1 Rxc2
21. Qxc2 g6 22. Qc3 Rd8 23. Rc2 Rd7 24. Qb2 Rc7 25. a4 Rxc2 26. Bxc2 a5 27.
bxa5 Bxa5 28. Bb3 Qd6 29. Ba2 Qc6 30. g4 Ne4 31. Nd4 Qc3 32. Qxc3 1/2-1/2

[Event "Superfinal 65th RUS-ch"]
[Site "Moscow"]
[Date "2012.08.10"]
[Round "7"]
[White "Grischuk, Alexander"]
[Black "Andreikin, Dmitry"]
[Result "1-0"]
[ECO "B45"]
[WhiteElo "2763"]
[BlackElo "2715"]
[PlyCount "81"]
[EventDate "2012.??.??"]
[EventCountry "RUS"]
[TimeControl "40/5400+30:1800+30"]

1. e4 c5 2. Nf3 e6 3. d4 cxd4 4. Nxd4 Nf6 5. Nc3 Nc6 6. Nxc6 bxc6 7. e5 Nd5 8.
Ne4 Qc7 9. f4 Qa5+ 10. c3 Be7 11. Bd3 f5 12. exf6 Nxf6 13. Nxf6+ Bxf6 14. O-O
Ba6 15. Bxa6 Qxa6 16. Be3 Qb5 17. Rf2 d5 18. Qg4 Kf7 19. f5 e5 20. Qh5+ Ke7 21.
b4 Rhf8 22. Qxh7 e4 23. Bc5+ Kd7 24. Bd4 Rh8 25. Qg6 Rae8 26. Bxf6 gxf6 27.
Qg7+ Kc8 28. Qxf6 e3 29. Rf3 Qe2 30. Qxc6+ Kb8 31. Qd6+ Kc8 32. Qc6+ Kb8 33.
Qd6+ Kc8 34. Qxd5 Rhg8 35. Rf4 Kb8 36. f6 Rd8 37. f7 Rgf8 38. Qe5+ Kb7 39. Rff1
Rd7 40. Rae1 Qxa2 41. Qb5+ 1-0

[Event "Superfinal 65th RUS-ch"]
[Site "Moscow"]
[Date "2012.08.10"]
[Round "7"]
[White "Karjakin, Sergey"]
[Black "Alekseev, Evgeny"]
[Result "1-0"]
[ECO "E32"]
[WhiteElo "2785"]
[BlackElo "2677"]
[PlyCount "143"]
[EventDate "2012.??.??"]
[EventCountry "RUS"]
[TimeControl "40/5400+30:1800+30"]

1. d4 Nf6 2. c4 e6 3. Nc3 Bb4 4. Qc2 O-O 5. a3 Bxc3+ 6. Qxc3 d6 7. Nf3 Re8 8.
g3 Qe7 9. b4 e5 10. dxe5 dxe5 11. Bb2 Nc6 12. Bg2 Nd4 13. Nxd4 exd4 14. Qd2 Bg4
15. f3 Be6 16. Bxd4 Bxc4 17. e4 Nd7 18. Qc3 b5 19. Bxg7 f5 20. Bh6 fxe4 21.
O-O-O a5 22. bxa5 Nc5 23. Bf1 Nb3+ 24. Kb1 Nxa5 25. Bc1 Qe5 26. Qxe5 Rxe5 27.
fxe4 Bxf1 28. Rhxf1 Nc4 29. Rd7 Rxe4 30. Rff7 Nxa3+ 31. Bxa3 Rxa3 32. Rg7+ Kh8
33. Rxh7+ Kg8 34. Rdg7+ Kf8 35. Rxc7 Rb4+ 36. Kc2 Rc4+ 37. Kb2 Rxc7 38. Rxc7 b4
39. Kb1 Rb3+ 40. Kc1 Ra3 41. Rc2 Kg7 42. Rb2 Rf3 43. Kb1 b3 44. Re2 Kg6 45. Kb2
Kg5 46. Ka3 Kg4 47. Re4+ Kf5 48. Rb4 Rf2 49. h4 Rg2 50. Rb5+ Ke4 51. Rxb3 Rc2
52. Rb4+ Ke5 53. Kb3 Rf2 54. Rb5+ Kf6 55. Kc4 Rg2 56. Rg5 Rd2 57. Rg8 Kf7 58.
Rg4 Kf6 59. h5 Rh2 60. Rg6+ Kf7 61. g4 Rd2 62. Rg5 Rd1 63. Rd5 Rg1 64. Rf5+ Kg7
65. Rg5+ Kh6 66. Rg6+ Kh7 67. Kd5 Re1 68. g5 Ra1 69. Rc6 Rg1 70. Rc7+ Kg8 71.
g6 Rg5+ 72. Ke4 1-0

[Event "Superfinal 65th RUS-ch"]
[Site "Moscow"]
[Date "2012.08.10"]
[Round "7"]
[White "Potkin, Vladimir"]
[Black "Vitiugov, Nikita"]
[Result "1-0"]
[ECO "B42"]
[WhiteElo "2651"]
[BlackElo "2705"]
[PlyCount "145"]
[EventDate "2012.??.??"]
[EventCountry "RUS"]
[TimeControl "40/5400+30:1800+30"]

1. e4 c5 2. Nf3 e6 3. d4 cxd4 4. Nxd4 a6 5. Bd3 Bc5 6. Nb3 Ba7 7. O-O Nc6 8.
Qe2 d6 9. Be3 Nf6 10. Bxa7 Rxa7 11. c4 e5 12. Nc3 Be6 13. Nd5 Nd7 14. Qe3 b6
15. Rfd1 O-O 16. Be2 Rb7 17. Rd2 Nc5 18. h3 Qb8 19. Rad1 Nxb3 20. axb3 Nd4 21.
Nb4 a5 22. Nc2 Nxc2 23. Rxc2 Rd8 24. Rcd2 Rbd7 25. Bg4 Qc7 26. Rd3 h6 27. Qe2
Kh7 28. Bf5+ g6 29. Bxe6 fxe6 30. Qg4 Re8 31. Rf3 Rg7 32. Rfd3 Rd7 33. Rf3 Rg7
34. Qh4 Qd8 35. Qg3 Qe7 36. Rfd3 Rd8 37. f4 exf4 38. Qxf4 Rf7 39. Qe3 Qc7 40.
e5 d5 41. cxd5 exd5 42. Rxd5 Rxd5 43. Rxd5 Re7 44. Qd4 h5 45. Qd2 Qc6 46. Kh1
Qe6 47. Qd3 Qc6 48. Kh2 Qe6 49. Qe4 Kg7 50. Qc4 Kh7 51. Kh1 Kg7 52. Qh4 Rf7 53.
Qe4 Re7 54. Rb5 Rc7 55. Kh2 Kh7 56. Qd4 Rb7 57. Qf4 Rc7 58. Qe4 Kg7 59. Qd4 Rb7
60. Qc4 Re7 61. Qxe6 Rxe6 62. Kg3 Rc6 63. Kf4 Kf7 64. Kg5 Ke7 65. g4 hxg4 66.
hxg4 Kf7 67. Rd5 Ke7 68. Rd6 Rc5 69. Rxb6 Rxe5+ 70. Kxg6 Re2 71. g5 Rxb2 72.
Rb5 Kf8 73. Rf5+ 1-0

[Event "Superfinal 65th RUS-ch"]
[Site "Moscow"]
[Date "2012.08.10"]
[Round "7"]
[White "Dubov, Daniil"]
[Black "Jakovenko, Dmitry"]
[Result "1/2-1/2"]
[ECO "B14"]
[WhiteElo "2594"]
[BlackElo "2722"]
[PlyCount "104"]
[EventDate "2012.??.??"]
[EventCountry "RUS"]
[TimeControl "40/5400+30:1800+30"]

1. c4 c6 2. e4 d5 3. exd5 cxd5 4. d4 Nf6 5. Nc3 Nc6 6. Bg5 e6 7. Nf3 Be7 8. c5
O-O 9. Bb5 Ne4 10. Bxe7 Nxe7 11. Rc1 b6 12. O-O bxc5 13. dxc5 Rb8 14. Qa4 a6
15. Bd3 Nxc5 16. Bxh7+ Kxh7 17. Qh4+ Kg8 18. Ng5 Re8 19. Qh7+ Kf8 20. Qh8+ Ng8
21. Nh7+ Ke7 22. Qxg7 Qd6 23. Rfd1 Bb7 24. Qg5+ f6 25. Nxf6 Nxf6 26. Qg7+ Kd8
27. Qxf6+ Qe7 28. Qd4 Rc8 29. Qb4 Rh8 30. Ne2 Qh4 31. Qb6+ Kd7 32. Rxc5 Qxh2+
33. Kf1 Rxc5 34. Qxc5 Qh1+ 35. Ng1 Rh2 36. Ke2 Rxg2 37. Nf3 Qh8 38. Rd4 Qc8 39.
Ne5+ Ke8 40. Qxc8+ Bxc8 41. Rg4 Rxg4 42. Nxg4 Kd7 43. Kd3 Kc6 44. Kd4 Kb5 45.
Ne5 a5 46. Nd3 Bd7 47. Nc5 Bc8 48. f4 Kb6 49. b3 Kb5 50. a3 Kb6 51. b4 axb4 52.
axb4 Kc6 1/2-1/2

[Event "Superfinal 65th RUS-ch"]
[Site "Moscow"]
[Date "2012.08.10"]
[Round "7"]
[White "Sjugirov, Sanan"]
[Black "Svidler, Peter"]
[Result "1/2-1/2"]
[ECO "E92"]
[WhiteElo "2625"]
[BlackElo "2749"]
[PlyCount "70"]
[EventDate "2012.??.??"]
[EventCountry "RUS"]
[TimeControl "40/5400+30:1800+30"]

1. d4 Nf6 2. c4 g6 3. Nc3 Bg7 4. e4 d6 5. Be2 O-O 6. Nf3 e5 7. Be3 exd4 8. Nxd4
Re8 9. f3 c6 10. Bf2 d5 11. exd5 cxd5 12. c5 Nc6 13. O-O Bf8 14. Kh1 Bd7 15. a3
Nh5 16. Qd2 Nxd4 17. Bxd4 Qh4 18. Bf2 Qf4 19. Rfd1 Bc6 20. Bf1 Rad8 21. Nb5 a6
22. Nd4 Bd7 23. Qxf4 Nxf4 24. g3 Nh3 25. Bxh3 Bxh3 26. b4 h5 27. Re1 Rxe1+ 28.
Rxe1 a5 29. Nb3 axb4 30. axb4 Ra8 31. Na5 Bg7 32. Rd1 Re8 33. Re1 Ra8 34. Rd1
Re8 35. Re1 Ra8 1/2-1/2

[Event "Superfinal 65th RUS-ch"]
[Site "Moscow"]
[Date "2012.08.11"]
[Round "8"]
[White "Andreikin, Dmitry"]
[Black "Karjakin, Sergey"]
[Result "1/2-1/2"]
[ECO "C68"]
[WhiteElo "2715"]
[BlackElo "2785"]
[PlyCount "43"]
[EventDate "2012.??.??"]
[EventCountry "RUS"]
[TimeControl "40/5400+30:1800+30"]

1. e4 e5 2. Nf3 Nc6 3. Bb5 a6 4. Bxc6 dxc6 5. O-O Qf6 6. d4 exd4 7. Bg5 Qd6 8.
Qxd4 Qxd4 9. Nxd4 Bd7 10. Nc3 f6 11. Be3 O-O-O 12. Rad1 Re8 13. Rd2 Ne7 14.
Rfd1 Ng6 15. Nde2 Ne5 16. h3 Bb4 17. b3 Be6 18. Ra1 Ba3 19. Rf1 Bb4 20. Ra1 Ba3
21. Rf1 Bb4 22. Ra1 1/2-1/2